 Dungeon Crawl Stone Soup version 0.30.0-10-gfe55d96785 (webtiles) character file.

Game seed: 885418004549222001

139 Mune the Firebug (level 5, 0/28 HPs)
             Began as a Deep Elf Fire Elementalist on May 13, 2023.
             Slain by a gnoll sergeant
             ... wielding a +4 spear of freezing
              (7 damage)
             ... on level 3 of the Dungeon on May 14, 2023.
             The game lasted 00:08:01 (3640 turns).

Mune the Firebug (Deep Elf Fire Elementalist)       Turns: 3640, Time: 00:08:02

Health: 0/28       AC:  2    Str:  5    XL:     5   Next: 1%
Magic:  4/14       EV: 12    Int: 22    God:
Gold:   130        SH:  0    Dex: 15    Spells: 2/13 levels left

rFire   . . .        h - +0 dagger
rCold   . . .        (no shield)
rNeg    . . .        a - +0 robe
rPois   .            (no helmet)
rElec   .            (no cloak)
rCorr   .            (no gloves)
SInv    .            (no boots)
Will    .....        (no amulet)
Stlth   ++           (no ring)
HPRegen 0.24/turn    (no ring)
MPRegen 0.14/turn

%: no passive effects
@: no status effects
A: no striking features
a: no special abilities


You were on level 3 of the Dungeon.
You visited 1 branch of the dungeon, and saw 4 of its levels.

You collected 130 gold pieces.

Inventory:

Hand Weapons
 h - a +0 dagger (weapon)
Armour
 a - a +0 robe (worn)
Jewellery
 s - a +6 ring of intelligence
Wands
 m - a wand of polymorph (7)
Scrolls
 c - 4 scrolls of identify {unknown}
 d - 3 scrolls of teleportation {unknown}
 f - a scroll of butterflies {unknown}
 i - a scroll of enchant weapon {unknown}
 k - a scroll of immolation {unknown}
 l - a scroll of magic mapping {unknown}
 o - a scroll of silence {unknown}
Potions
 b - 3 potions of magic
 e - a potion of might {unknown}
 g - a potion of berserk rage {unknown}
 j - 2 potions of brilliance {unknown}
 n - a potion of degeneration {unknown}
 p - 2 potions of heal wounds {unknown}
 q - a potion of curing {unknown}
 r - a potion of attraction {unknown}


   Skills:
 + Level 0.1 Short Blades
 + Level 2.4 Dodging
 - Level 2.4 Stealth
 + Level 4.7 Spellcasting
 + Level 2.3 Conjurations
 * Level 4.9 Fire Magic


You had 2 spell levels left.
You knew the following spells:

 Your Spells              Type           Power      Damage    Failure   Level
a - Foxfire               Conj/Fire      84%        2x1d8     2%          1
b - Sticky Flame          Conj/Fire      21%        2d4       22%         4
c - Flame Wave            Conj/Fire      21%        2d8       22%         4
d - Scorch                Fire           52%        2d7       1%          2

Your spell library contained the following spells:

 Spells                   Type           Power      Damage    Failure   Level
 Inner Flame              Hex/Fire       16%        N/A       12%         3
 Volatile Blastmotes      Fire/Tloc      32%        2d12      12%         3
 Ignite Poison            Fire/Tmut/Pois 12%        N/A       16%         3
 Ignition                 Fire           13%        3d6       100%        8


Dungeon Overview and Level Annotations

Branches:
Dungeon (4/15)
 Temple: D:4-7

Altars:

Annotations:
D:3 2 runed translucent doors


Message History

Casting: Foxfire (safe; 2% risk of failure)
Confirm with . or Enter, or press ? or * to list all spells.
Flames lash the gnoll sergeant.
The gnoll sergeant is moderately wounded.
The gnoll sergeant's fire resistance burns away.
The foxfire hits the gnoll sergeant but does no damage.
The gnoll sergeant is moderately wounded.
Casting: Scorch (safe; 1% risk of failure)
Confirm with . or Enter, or press ? or * to list all spells.
You conjure some foxfire!
The gnoll sergeant hits you from afar with a +4 spear of freezing!
The gnoll sergeant freezes you.
Casting: Foxfire (safe; 2% risk of failure)
Confirm with . or Enter, or press ? or * to list all spells.
Flames lash the gnoll sergeant but do no damage.
You hear a shout!
The foxfire hits the gnoll sergeant but does no damage.
The gnoll sergeant is moderately wounded.
The gnoll sergeant misses you.
Casting: Scorch (safe; 1% risk of failure)
Confirm with . or Enter, or press ? or * to list all spells.
You conjure some foxfire!
The gnoll sergeant hits you from afar with a +4 spear of freezing.
* * * LOW HITPOINT WARNING * * *
The gnoll sergeant freezes you.
* * * LOW HITPOINT WARNING * * *
Casting: Foxfire (safe; 2% risk of failure)
Confirm with . or Enter, or press ? or * to list all spells.
Flames lash the gnoll sergeant.
The gnoll sergeant is burned terribly!
The gnoll sergeant is heavily wounded.
The foxfire hits the gnoll sergeant.
The gnoll sergeant is burned terribly!
The gnoll sergeant is severely wounded.
The gnoll sergeant throws a stone.
The stone closely misses you. The stone hits your foxfire.
Casting: Scorch (safe; 1% risk of failure)
Confirm with . or Enter, or press ? or * to list all spells.
You conjure some foxfire!
A gnoll comes into view. It is wielding a +0 flail.
The gnoll sergeant hits you from afar with a +4 spear of freezing!
You die...

###############
#.............#
#.###########.#
#.# #.# #@# #.#
#v# #.#### ## #
#g# #..... #.##
.# #.# ######
#..#+#.# #.#
#......# #g#
......# #.#
.....#
#g##.....####g#
#....#
#gg.<.......
####....#


You could see a gnoll sergeant (combustible, ally target) and 2 gnolls.

Vanquished Creatures
  An orc priest (D:3)
  Jessica (D:2)
  Terence (D:2)
  2 worms
  A dart slug (D:1)
  An orc (D:2)
  6 ball pythons
  7 endoplasms
  8 giant cockroaches
  5 goblins
  4 hobgoblins
  2 kobolds (D:2)
  3 quokkas
  3 bats
  3 frilled lizards (D:1)
  2 rats
50 creatures vanquished.

Vanquished Creatures (others)
  234 foxfires
234 creatures vanquished.

Grand Total: 284 creatures vanquished

Notes
Turn   | Place    | Note
-------+----------+-------------------------------------------
     0 | D:1      | Mune the Deep Elf Fire Elementalist began the quest for the
                  | Orb.
     0 | D:1      | Reached XP level 1. HP: 10/10 MP: 6/6
   410 | D:1      | Reached XP level 2. HP: 15/15 MP: 2/8
  1292 | D:2      | Reached XP level 3. HP: 19/19 MP: 5/10
  1550 | D:2      | Noticed Jessica
  1553 | D:2      | Killed Jessica
  2025 | D:2      | Noticed Terence
  2031 | D:2      | Killed Terence
  2032 | D:2      | Reached XP level 4. HP: 24/24 MP: 6/12
  2081 | D:2      | Learned a level 4 spell: Sticky Flame
  2086 | D:2      | Learned a level 4 spell: Flame Wave
  2600 | D:3      | Found a runed translucent gate.
  2600 | D:3      | Found a runed translucent gate.
  2915 | D:3      | Noticed a gnoll sergeant
  3009 | D:2      | Learned a level 2 spell: Scorch
  3028 | D:3      | Found a faded altar of an unknown god.
  3395 | D:3      | Reached XP level 5. HP: 28/28 MP: 11/14
  3640 | D:3      | Slain by a gnoll sergeant

Illustrated notes

Levels and vault maps discovered:
D:1:      dpeg_arrival_more_subterranean_lakeside_camping, layout_loops_ring,
          minmay_worlds_worst_comb
D:2:      layout_loops_corners, uniq_jessica, uniq_terence
D:3:      layout_basic, nicolae_overflow_crystal_walls, serial_shops,
          shop_scrolls, biasface_ghost_orc_armoury,
          ebering_ecumenical_altar_hall, minmay_door_square
D:4:      minmay_chambers_of_twos, layout_loops_ring,
          nicolae_overflow_hidden_temple, ebering_ghost_gozag

Skill      XL: |  1  2  3 |
---------------+----------+-----
Fire Magic     | 4 |  4.9
Spellcasting   | 4 |  4.7
Conjurations   | 2 |  2.3
Short Blades   | |  0.1
Dodging        | |  2.4
Stealth        | |  2.4

Action                     |  1- 3 |  4- 6 || total
---------------------------+-------+-------++-------
  Melee: Unarmed           |     6 |       ||     6
         Dagger            |     4 |     3 ||     7
   Cast: Foxfire           |   107 |    46 ||   153
         Sticky Flame      |       |     1 ||     1
         Flame Wave        |       |     1 ||     1
         Scorch            |       |     3 ||     3
 Armour: Robe              |     3 |       ||     3
  Dodge: Dodged            |    17 |     6 ||    23
